 Dungeon Crawl Stone Soup version 0.20.1-1-g8b1a95d (webtiles) character file.

46 Tav the Skirmisher (level 3, -8/33 HPs)
             Began as a Draconian Berserker on Aug 15, 2017.
             Was a Believer of Trog.
             Mangled by an iguana (14 damage)
             ... on level 3 of the Dungeon.
             The game lasted 00:06:48 (1262 turns).

Tav the Skirmisher (Draconian Berserker)            Turns: 1262, Time: 00:06:48

Health: -8/33      AC:  5    Str: 20    XL:     3   Next: 46%
Magic:  3/3        EV: 12    Int:  7    God:    Trog [**....]
Gold:   40         SH:  0    Dex: 10    Spells: 2/2 levels left

rFire    . . .     SeeInvis .   a - +0 falchion
rCold    . . .     Gourm    .   (no shield)
rNeg     . . .     Faith    .   (armour unavailable)
rPois    .         Spirit   .   (helmet restricted)
rElec    .         Reflect  .   (no cloak)
rCorr    .         Harm     .   (no gloves)
MR       .....                  (no boots)
Stlth    +.........             (no amulet)
Regen    0.2/turn               (no ring)
MPRegen  0.1/turn               (no ring)

@: no status effects
A: unfitting armour, cold-blooded, AC +5
a: Berserk, Trog's Hand, Burn Spellbooks, Renounce Religion


You were on level 3 of the Dungeon.
You worshipped Trog.
Trog was pleased with you.
You were not hungry.

You visited 1 branch of the dungeon, and saw 3 of its levels.

You collected 40 gold pieces.

Inventory:

Hand Weapons
 a - a +0 falchion (weapon)
 e - a +0 dagger
 j - a +0 dagger
 k - a +0 club
 l - a +2 dagger of venom
 n - a +0 dagger
 o - a +0 club
 p - a +0 dagger
 t - a +0 short sword
Missiles
 f - 18 sling bullets
 m - 61 stones (quivered)
 r - 15 poisoned needles
 s - 17 arrows
Scrolls
 c - 2 scrolls of teleportation {unknown}
 d - 3 scrolls of enchant armour {unknown}
 q - a scroll of immolation {unknown}
Potions
 i - 2 potions of magic {unknown}
Comestibles
 b - a bread ration
 h - 4 chunks of flesh


   Skills:
 + Level 4.0 Fighting
 + Level 3.7 Long Blades
 + Level 3.0 Dodging
 + Level 0.2 Stealth


You had 2 spell levels left.
You didn't know any spells.

Dungeon Overview and Level Annotations

Branches:
Dungeon (3/15)

Altars:


Innate Abilities, Weirdness & Mutations

Your plain brown scales are hard. (AC +5)
You cannot fit into any form of body armour.
You are cold-blooded and may be slowed by cold attacks.


Message History

The iguana is heavily wounded.
The iguana bites you. The iguana bites you.
Things that are here:
a hobgoblin skeleton; 3 inedible chunks of flesh You see here a stone.
You hit the iguana but do no damage.
The iguana is heavily wounded.
The iguana bites you but does no damage.
The iguana bites you!
* * * LOW HITPOINT WARNING * * *
The iguana barely misses you. The iguana barely misses you.
Some of the chunks of flesh in your inventory have rotted away.
The iguana barely misses you.
You riposte.
You hit the iguana.
The iguana is heavily wounded.
You see here a scroll labeled PUEXZE HOXT.
d - 3 scrolls labeled PUEXZE HOXT (gained 1)
The iguana bites you!
You die...

.. ...#### ## #
#......>.## ... .#
#.#......#.##.# ...
##....#...#....# ..#
#....##...#.#..####.##
#.#..##.#......r@....##.
....###.##.....l.....?..
.........####..........#
.....###..##......##..##
......##..........# .#
.......#.####.....# ..
.......#.# ##....# #
.........# #....# #
...####... #....#.#


You could see an iguana and a rat.

Vanquished Creatures
  An adder (D:3)
  An ooze (D:3)
  2 dart slugs (D:1)
  A leopard gecko (D:1)
  2 goblins (D:1)
  4 hobgoblins
  4 jackals (D:3)
  4 kobolds
  5 bats
  2 frilled lizards
  2 rats (D:1)
28 creatures vanquished.

Notes
Turn   | Place    | Note
-------+----------+-------------------------------------------
     0 | D:1      | Tav the Draconian Berserker began the quest for the Orb.
     0 | D:1      | Reached XP level 1. HP: 19/19 MP: 1/1
   511 | D:1      | Reached XP level 2. HP: 26/26 MP: 2/2
  1035 | D:3      | Reached XP level 3. HP: 28/33 MP: 3/3
  1150 | D:3      | Reached ** piety under Trog
  1206 | D:3      | Reached skill level 4 in Fighting
  1262 | D:3      | Mangled by an iguana

Skill      XL: |  1  2  3 |
---------------+----------+-----
Dodging        | 3 |  3.0
Fighting       | 4 |  4.0
Long Blades    | |  3.7
Stealth        | |  0.2

Action                   || total
-------------------------++-------
Melee: Falchion          ||    76
       Tailslap          ||    13
  Use: Potion            ||     1
  Eat: Chunk             ||     1
Armor: Skin              ||    29
Dodge: Dodged            ||    55
       Rpst.: Falchion   ||    16
